AoeStats
← GRIFOLYON

Baltic

510934167Analyzed
3v3 RM · 18h ago on Oct 3, 2026· 56m 57s· 6 players
Game mode
Random Map
Map size
Normal (6 player)
Population
200
Speed
Normal
Resources
Standard
Victory
Conquest
Starting age
Dark Age
Ending age
Imperial Age
RankedLock teamsTeams togetherTeam positionsShared explorationLock speedFull tech treeHidden civsTurbo modeCheats
Victory
Defeat
🇺🇸 Turks · United States
894
+8
🇨🇦 Spanish · Canada
784
+11
🇲🇽 Byzantines · Mexico
751
+13
🇦🇷 Burgundians · Argentina
766
-13
🇦🇷 Cumans · Argentina
657
-10
🇦🇷 Britons · Argentina
635
-9
GabrielLeal16
11:40 Feudal Age
16:08 Loom
19:06 Fishing Lines
22:06 Castle Age
20:36 Double-Bit Axe
20:47 Gold Mining
22:24 Wheelbarrow
21:40 Horse Collar
21:56 Stone Mining
22:06 Fletching
22:17 Padded Archer Armor
23:11 Gillnets
24:12 Gold Shaft Mining
23:52 Heavy Plow
24:13 Bow Saw
25:31 Medium Warships
30:59 Hand Cart
30:32 Town Watch
31:21 Thumb Ring
32:27 Ballistics
36:18 Imperial Age
33:49 Town Patrol
36:31 Sipahi
38:23 Parthian Tactics
38:43 Murder Holes
39:07 Elite Cannon Galleon
40:11 Heavy Cavalry Archer
42:37 Bodkin Arrow
42:57 Leather Archer Armor
42:49 Scale Barding Armor
42:55 Forging
46:03 Two-Man Saw
44:50 Treadmill Crane
46:03 Artillery
50:37 Ring Archer Armor
50:07 Bracer
50:26 Crossbowman
firestream12
7:36 Loom
8:14 Loom
11:11 Feudal Age
14:00 Wheelbarrow
13:12 Double-Bit Axe
13:12 Horse Collar
25:52 Castle Age
27:27 Heavy Plow
27:49 Bow Saw
27:44 Caravan
28:13 Medium Warships
31:04 Scale Barding Armor
30:42 Elite Skirmisher
37:32 Imperial Age
37:51 Hand Cart
37:25 Town Watch
39:23 Heavy Warships
38:37 Pikeman
43:33 Chain Barding Armor
43:24 Forging
43:35 Cavalier
44:18 Husbandry
45:57 Plate Barding Armor
49:32 Paladin
GRIFOLYON
11:57 Feudal Age
12:49 Double-Bit Axe
17:47 Horse Collar
22:35 Castle Age
23:22 Heavy Plow
23:34 Bow Saw
23:49 Pikeman
29:25 Wheelbarrow
33:21 Imperial Age
33:59 Gold Mining
34:03 Stone Mining
36:10 Hand Cart
36:28 Ballistics
36:51 Treadmill Crane
39:06 Crop Rotation
42:14 Forging
45:30 Scale Barding Armor
49:16 Gold Shaft Mining
49:17 Stone Shaft Mining
50:22 Elite Cataphract
55:26 Chemistry
Don Ramon
0:48 Loom
10:24 Feudal Age
11:56 Horse Collar
13:53 Forging
20:14 Double-Bit Axe
27:14 Castle Age
26:07 Scale Barding Armor
26:27 Gold Mining
29:14 Heavy Plow
32:39 Chain Barding Armor
32:53 Medium Warships
33:13 Bloodlines
36:48 Wheelbarrow
38:30 Iron Casting
48:31 Imperial Age
50:23 Blast Furnace
50:16 Plate Barding Armor
50:21 Steppe Husbandry
50:40 Elite Steppe Lancer
53:37 Conscription
agustincn420
8:24 Loom
11:12 Feudal Age
12:08 Double-Bit Axe
12:10 Horse Collar
13:12 Gold Mining
16:31 Fletching
23:26 Castle Age
21:43 Padded Archer Armor
24:04 Wheelbarrow
24:47 Bodkin Arrow
27:38 Bow Saw
26:53 Crossbowman
30:15 Leather Archer Armor
31:11 Caravan
44:48 Imperial Age
42:38 Hand Cart
43:54 Ballistics
47:01 Arbalester
47:54 Bracer
48:25 Ring Archer Armor
52:48 Yeomen
Tremors
7:20 Loom
8:54 Wheelbarrow
10:33 Feudal Age
18:08 Double-Bit Axe
22:49 Caravan
27:20 Castle Age
27:24 Cavalier
28:45 Scale Barding Armor
28:52 Forging
30:07 Stone Mining
35:38 Chain Barding Armor
35:54 Iron Casting
35:16 Town Watch
41:16 Imperial Age
39:46 Hand Cart
41:07 Town Patrol
41:27 Husbandry
41:23 Paladin
44:15 Paladin
56:19 Bow Saw
Connection lost

Rejoining the realm…

Still unreachable

The connection could not be restored.

Session expired

The server has moved on; the page needs a fresh start.